 Dungeon Crawl Stone Soup version 0.20.1-1-g8b1a95d66d (webtiles) character file.

205602 Gargoyl the Tortoise (level 19, -9/122 HPs)
             Began as a Formicid Abyssal Knight on Oct 26, 2017.
             Was the Champion of Lugonu.
             Killed from afar by a deep elf annihilator (47 damage)
             ... with a crystal spear
             ... on level 3 of the Elven Halls on Nov 21, 2017.
             The game lasted 02:04:27 (41546 turns).

Gargoyl the Tortoise (Formicid Abyssal Knight)     Turns: 41546, Time: 02:04:28

Health: -9/122     AC: 30    Str: 29    XL:     19   Next: 86%
Magic:  31/31      EV: 10    Int: 10    God:    Lugonu [******]
Gold:   849        SH: 13    Dex: 12    Spells: 18/18 levels left

rFire    + + +     SeeInvis +   d - +9 hand axe (venom)
rCold    . . .     Gourm    .   G - +0 shield
rNeg     . . .     Faith    .   K - +5 plate armour
rPois    .         Spirit   .   (helmet unavailable)
rElec    +         Reflect  .   z - scarf {repulsion}
rCorr    +         Harm     .   T - +3 pair of gloves of Life {MR+ rCorr Str+4}
MR       +....                  F - +0 pair of boots of Watchfulness {rElec rF+++ MR- Regen+}
Stlth    ..........             n - amulet of magic regeneration
Regen    0.7/turn               o - +3 ring of protection
MPRegen  0.4/turn               H - ring of resist corrosion

@: corroded, drained, repel missiles
A: permanent stasis, dig shafts and tunnels, four strong arms, antennae 3, claws
1, fangs 1, icy blue scales 1, blurry vision 1, dopey 1, frail 2, strong 1
a: Dig, Shaft Self, Depart the Abyss, Bend Space, Banish, Corrupt, Enter the
Abyss, Brand Weapon With Distortion, Renounce Religion


You were on level 3 of the Elven Halls.
You worshipped Lugonu.
Lugonu was exalted by your worship.
You were not hungry.

You visited 5 branches of the dungeon, and saw 27 of its levels.
You visited the Abyss 2 times.

You collected 3066 gold pieces.
You spent 2217 gold pieces at shops.

Inventory:

Hand Weapons
 d - a +9 hand axe of venom (weapon)
 k - a +1 war axe
 U - a +2 hand axe of chopping
Missiles
 y - 9 tomahawks (quivered)
Armour
 z - a scarf of repulsion (worn)
 F - the +0 pair of boots of Watchfulness (worn) {rElec rF+++ MR- Regen+}
   (You found it on level 1 of the Elven Halls)

   It renders you almost immune to fire.
   It insulates you from electricity.
   It affects your resistance to hostile enchantments.
   It increases your rate of regeneration.
 G - a +0 shield (worn)
 K - a +5 plate armour (worn)
 N - a +0 pair of boots of flying
 T - the +3 pair of gloves of Life (worn) {MR+ rCorr Str+4}
   (You acquired it on level 6 of the Lair of Beasts)

   It affects your strength (+4).
   It affects your resistance to hostile enchantments.
   It protects you from acid and corrosion.
Jewellery
 n - an amulet of magic regeneration (around neck)
 o - a +3 ring of protection (left hand)
 H - a ring of resist corrosion (right hand)
 I - a +2 amulet of reflection {unknown}
Wands
 b - a wand of confusion (24/48)
 e - a wand of lightning (4/15)
 u - a wand of random effects (27/48)
 w - a wand of paralysis (16/24)
 A - a wand of scattershot (4/9)
 B - a wand of polymorph (3/24)
 D - a wand of digging (13/24)
 E - a wand of iceblast (3/15)
 M - a wand of paralysis (15/24)
 O - a wand of enslavement (5/24)
Scrolls
 i - 7 scrolls of identify
 l - 4 scrolls of recharging
 p - 10 scrolls of remove curse
 q - 3 scrolls of magic mapping
 s - 2 scrolls of fear
 x - 2 scrolls of fog
 C - a scroll of amnesia
Potions
 g - 2 potions of resistance
 h - a potion of berserk rage
 j - 4 potions of brilliance
 r - 5 potions of flight
 t - 6 potions of might
 J - 2 potions of ambrosia
 P - 7 potions of curing
 X - a potion of heal wounds
Books
 L - Sif Muna's Almanac of Unholy Secrets and Arcane Weapons
   (You found it on level 2 of the Abyss)

   Spells                             Type                      Level
   a - Freezing Cloud                 Conjuration/Ice/Air          6
   b - Simulacrum                     Ice/Necromancy               6
   c - Spellforged Servitor           Conjuration/Summoning        7
Comestibles
 a - 5 chunks of flesh
 c - 10 bread rations
 f - 22 royal jellies
 m - 9 meat rations
 v - 12 fruits


   Skills:
 + Level 14.3(13.5) Fighting
   Level 2.4(1.8) Long Blades
 + Level 16.1(15.2) Axes
 + Level 1.3(0.7) Throwing
 * Level 19.0(18.1) Armour
 + Level 4.4(3.8) Dodging
 + Level 11.1(10.4) Shields
 * Level 16.4(15.6) Invocations
 + Level 1.6(1.0) Evocations


You had 18 spell levels left.
You didn't know any spells.

Dungeon Overview and Level Annotations

Branches:
Dungeon (15/15)            Temple (0/1) D:6            Lair (6/6) D:11
 Shoals (0/4) Lair:4        Snake (0/4) Lair:2        Slime (0/5) Lair:5
    Orc (2/2) D:12            Elf (3/3) Orc:2        Vaults (0/5) D:13
 Depths (1/5) D:15

Altars:
Ashenzari
Dithmenos
Elyvilon
Fedhas
Gozag
Hepliaklqana
Kikubaaqudgha
Nemelex Xobeh
Okawaru
Ru
Trog
Uskayaw
Vehumet
Xom
Yredelemnul
Beogh

Shops:
D:7 [   D:13 *   Orc:2 :!!?::(

Portals:
Trove: Elf:3 (give +3 shadow dragon scales)


Innate Abilities, Weirdness & Mutations

You cannot be hasted, slowed, berserked, paralysed or teleported.
You can dig through walls and to a lower floor.
Your four strong arms can wield two-handed weapons with a shield.
You have a pair of large antennae on your head. (SInv)
You have sharp fingernails.
You have very sharp teeth.
You are partially covered in icy blue scales. (AC +2)
Scrolls take you a little longer to read.
You are dopey. (Int -2)
You are very frail. (-20% HP)
Your muscles are strong. (Str +2)


Message History

The deep elf master archer shoots an arrow.
The arrow is repelled.
The deep elf master archer shoots an arrow.
The arrow barely misses you.
The deep elf death mage hits you but does no damage.
You block the ghostly deep elf sorcerer's attack.
You see here an arrow.
The deep elf death mage casts a spell.
The corpses begin to drag themselves along the ground! 3 crawling corpses come into view.
The ghostly deep elf sorcerer gestures at you while chanting.
The bolt of acid hits you! You resist. The acid corrodes you!
You are splashed with acid!
The acid burns!
You resist.
* * * LOW HITPOINT WARNING * * *
Things that are here:
an arrow; a leather armour; a long sword Two crawling corpses merge to form a small abomination.
The deep elf annihilator gestures at you while chanting.
The crystal spear hits you!
You die...

...# ##...{)##..e...8.
...# #...{{{..........
..## #.#e.############
..'## #.e(....# .##.######
#(######### .###'#...##
#e# ##...## ## ##.....##
#e####.....##
#.......######...........#
#.......[....@....).)....#
#..<.(.)##########.......#
##...).## ##.....##
##'...## ##...#'##
##.##'## ##### ##'###.##
##.###.# ###...### #.#
##.### ##.## #)#
###.......####.# ##.##
.)## #.# #...........##.#
##'. .## #.#
#...........##.# ##..


You could see a deep elf annihilator, a deep elf death mage and a ghostly deep
elf sorcerer.

Vanquished Creatures
  Rupert (D:12)
  A deep elf blademaster (Elf:2)
  2 tentacled starspawn (Abyss:2)
  Gastronok (D:11)
  6 deep elf sorcerers
  2 deep elf elementalists (Elf:3)
  A deep elf demonologist (Elf:3)
  3 deep elf annihilators
  5 deep elf death magi
  2 deep elf high priests (Elf:3)
  A fire dragon (Lair:6)
  Josephine (D:15)
  A yaktaur captain (D:13)
  3 ogre magi (Orc:2)
  5 vault guards (Elf:3)
  2 catoblepae (Lair:6)
  9 two-headed ogres
  3 centaur warriors
  4 death yaks
  28 dancing weapons
  A thrashing horror (Abyss:2)
  Nergalle (Orc:2)
  2 fire crabs (shapeshifter) (D:15)
  20 deep elf knights
  3 skeletal warriors (D:15)
  A wretched star (Abyss:2)
  A shadow wraith (Abyss:2)
  An unseen horror (shapeshifter) (D:15)
  3 wizards
  3 unseen horrors
  10 deep elf archers
  A glowing orange brain (D:15)
  4 lindwurms (Lair:6)
  An orc knight (D:15)
  8 orc sorcerers
  51 deep elf magi
  3 manticores
  A mana viper (shapeshifter) (D:15)
  2 cyclopes
  8 ugly things
  A rust devil (Abyss:2)
  3 centaur zombies
  21 elephants
  2 black mambas
  2 smoke demons (Abyss:2)
  2 gargoyles (D:11)
  6 torpor snails (Lair:6)
  8 spiny frogs
  5 kobold demonologists
  4 rime drakes (Lair:6)
  An efreet (D:15)
  A freezing wraith (D:14)
  9 komodo dragons
  2 ancient zymes (Abyss:2)
  3 yaktaurs
  6 trolls
  A meliai (D:13)
  3 polar bears
  A queen bee (D:9)
  A tyrant leech (shapeshifter) (Elf:2)
  12 hippogriffs
  3 large abominations (Abyss:2)
  30 blink frogs
  9 hornets
  3 tyrant leeches (Lair:6)
  3 slime creatures (D:15)
  12 dream sheep
  4 air elementals
  A spriggan (D:9)
  2 shadows
  2 ynoxinuls (Abyss:2)
  33 yaks
  2 water elementals
  5 wraiths
  9 wyverns
  A hungry ghost (D:13)
  4 fire elementals
  A hog (shapeshifter) (D:15)
  6 basilisks
  A hog (D:12)
  The ghost of HessuHobo the Distorting Demonspawn, an amateur DsAK of Lugonu (D:3)
  A chaos spawn (Abyss:2)
  A golden eye (shapeshifter) (D:14)
  7 vampire mosquitoes
  11 water moccasins
  An acid dragon (D:11)
  Duvessa (D:5)
  10 porcupines
  20 orc warriors
  8 sky beasts
  8 black bears (D:12)
  A hornet zombie (D:15)
  5 ice beasts
  A necrophage (D:15)
  The ghost of HessuHobo the Shield-Bearer, an amateur MiFi (D:4)
  4 phantoms
  10 ogres
  2 boggarts (Elf:1)
  9 crocodiles
  37 wolves
  21 centaurs
  5 big kobolds
  15 bullfrogs
  Dowan (D:5)
  2 small abominations (Abyss:2)
  3 earth elementals
  2 wyvern skeletons
  5 scorpions
  36 killer bees
  13 wights
  5 howler monkeys
  5 electric eels
  2 bullfrog zombies (D:9)
  7 crimson imps
  A human zombie (Abyss:2)
  3 quasits
  5 bullfrog skeletons
  12 hounds
  8 jellies
  34 orc wizards
  Crazy Yiuf (D:7)
  A centaur skeleton (D:10)
  A gnoll shaman (D:8)
  21 orc priests
  6 iguanas
  15 worker ants
  A killer bee zombie (D:5)
  2 hound skeletons
  21 adders
  25 gnolls
  A howler monkey skeleton (D:6)
  7 river rats (D:5)
  3 shadow imps
  A white imp (Abyss:2)
  2 adder zombies
  3 oozes (Lair:5)
  An adder skeleton (D:5)
  2 worms (D:3)
  5 dart slugs
  7 leopard geckos
  91 orcs
  2 ball pythons (D:1)
  8 giant cockroaches
  14 goblins
  8 hobgoblins
  7 jackals
  13 quokkas
  8 bats
  2 frilled lizards
  A jackal skeleton (D:9)
  A jackal zombie (D:8)
  27 kobolds
  A leopard gecko skeleton (D:9)
  3 quokka skeletons
  A quokka zombie (D:6)
  20 rats
  A bush (Lair:1)
  5 fungi
  5 plants
  4 starspawn tentacles (Abyss:2)
1103 creatures vanquished.

Vanquished Creatures (others)
  9 hydras
  The ghost of Dommiel19 the Cleaver, a novice HOMo (D:5)
  A deep elf mage (Elf:2)
  An ugly thing (Depths:1)
  A manticore (D:13)
  3 meliai
  A vampire (D:13)
  A fire elemental (Elf:2)
  A centaur (D:13)
  An orc wizard (Orc:2)
  An ufetubus (Abyss:2)
  17 fungi
  A lurking horror (Abyss:2)
  28 plants
  2 starspawn tentacles (Abyss:2)
69 creatures vanquished.

Grand Total: 1172 creatures vanquished

Notes
Turn   | Place    | Note
-------+----------+-------------------------------------------
     0 | Abyss:1  | Gargoyl the Formicid Abyssal Knight began the quest for the Orb.
     0 | Abyss:1  | Reached XP level 1. HP: 18/18 MP: 2/2
    41 | Abyss:2  | Noticed a hell hound
    41 | Abyss:2  | Noticed a hell hound
    41 | D:1      | Escaped the Abyss
    92 | D:1      | Reached XP level 2. HP: 22/24 MP: 3/3
    99 | D:1      | Reached * piety under Lugonu
   197 | D:1      | Reached skill level 1 in Dodging
   339 | D:1      | Reached XP level 3. HP: 29/29 MP: 4/4
   427 | D:1      | Reached skill level 1 in Axes
   803 | D:2      | Reached skill level 3 in Armour
   986 | D:2      | Reached XP level 4. HP: 30/36 MP: 6/6
  1188 | D:2      | Reached ** piety under Lugonu
  1772 | D:3      | Noticed HessuHobo's ghost (amateur DsAK)
  1834 | D:3      | Killed HessuHobo's ghost
  1834 | D:3      | Reached skill level 4 in Armour
  1834 | D:3      | Reached XP level 5. HP: 20/42 MP: 7/7
  1834 | D:3      | Reached XP level 6. HP: 23/48 MP: 8/8
  2394 | D:3      | Reached skill level 5 in Armour
  2597 | D:2      | Found a white marble altar of Elyvilon.
  2952 | D:4      | Found a bloodstained altar of Trog.
  2964 | D:4      | Reached XP level 7. HP: 33/54 MP: 9/9
  3070 | D:4      | Found a hide-covered altar of Uskayaw.
  3071 | D:4      | Found a hazy altar of Hepliaklqana.
  3079 | D:4      | Noticed HessuHobo's ghost (amateur MiFi)
  3502 | D:4      | Found a sacrificial altar of Ru.
  3503 | D:4      | Found a shattered altar of Ashenzari.
  3504 | D:4      | Found a blossoming altar of Fedhas.
  3525 | D:5      | Entered Level 5 of the Dungeon
  3607 | D:5      | Noticed Dommiel19's ghost (novice HOMo)
  3856 | D:4      | Reached *** piety under Lugonu
  3910 | D:4      | Killed HessuHobo's ghost
  4106 | D:4      | Reached skill level 6 in Armour
  4179 | D:4      | Found a hide-covered altar of Uskayaw.
  4181 | D:4      | Found a shimmering altar of Xom.
  4181 | D:4      | Found a shimmering altar of Xom.
  4183 | D:4      | Found a basalt altar of Yredelemnul.
  4183 | D:4      | Found an iron altar of Okawaru.
  4183 | D:4      | Found a shimmering altar of Xom.
  4266 | D:4      | Reached XP level 8. HP: 57/61 MP: 11/11
  4424 | D:5      | Noticed Dowan
  4426 | D:5      | Noticed Duvessa
  4442 | D:5      | Killed Duvessa
  4458 | D:5      | Killed Dowan
  4883 | D:5      | Reached skill level 5 in Axes
  4907 | D:5      | Reached skill level 7 in Armour
  4907 | D:5      | Reached skill level 5 in Invocations
  4913 | D:5      | Reached skill level 5 in Fighting
  5014 | D:5      | Reached **** piety under Lugonu
  5301 | D:5      | Reached XP level 9. HP: 54/68 MP: 12/12
  5670 | D:5      | Banished Dommiel19's ghost
  5670 | D:5      | Reached skill level 8 in Armour
  6601 | D:6      | Found a staircase to the Ecumenical Temple.
  7103 | D:6      | Got a coiled golden amulet
  7232 | D:6      | Reached XP level 10. HP: 76/76 MP: 14/14
  7236 | D:6      | Gained mutation: You are covered in fur. (AC +1) [mutagenic meat]
  7265 | D:6      | Reached skill level 9 in Armour
  7649 | D:7      | Found Eckanotz's Armour Emporium.
  7675 | D:7      | Bought a scarf of repulsion for 156 gold pieces
  7680 | D:7      | Identified the amulet "Xuvach" {Inacc SInv} (You found it on level 6 of the Dungeon)
  7705 | D:7      | Found a runed door.
  7868 | D:7      | Reached ***** piety under Lugonu
  8228 | D:7      | Noticed Crazy Yiuf
  8236 | D:7      | Killed Crazy Yiuf
  8336 | D:8      | Reached skill level 10 in Armour
  8358 | D:8      | HP: 3/77 [poisoned by a killer bee]
  8366 | D:8      | HP: 3/77 [poisoned by a killer bee]
  8374 | D:8      | HP: 3/77 [poisoned by a killer bee]
  8758 | D:8      | Noticed a two-headed ogre
  8765 | D:8      | Killed a two-headed ogre
  9093 | D:8      | Gained mutation: Your flesh is heat resistant. (rF+) [mutagenic meat]
  9094 | D:8      | Gained mutation: You are weak. (Str -2) [mutagenic meat]
  9095 | D:8      | Gained mutation: You are clumsy. (Dex -2) [mutagenic meat]
  9096 | D:8      | Gained mutation: You are partially covered in slimy green scales. (AC +2) [mutagenic meat]
  9099 | D:8      | Lost mutation: You are weak. (Str -2) [potion of mutation]
  9099 | D:8      | Lost mutation: You are partially covered in slimy green scales. (AC +2) [potion of mutation]
  9099 | D:8      | Lost mutation: You are clumsy. (Dex -2) [potion of mutation]
  9099 | D:8      | Lost mutation: Your flesh is heat resistant. (rF+) [potion of mutation]
  9099 | D:8      | Gained mutation: Your mind is acute. (Int +2) [potion of mutation]
  9099 | D:8      | Gained mutation: You are robust. (+10% HP) [potion of mutation]
  9207 | D:8      | Reached XP level 11. HP: 66/91 MP: 16/16
  9440 | D:8      | Noticed a two-headed ogre
  9453 | D:8      | Killed a two-headed ogre
  9462 | D:8      | Found a shadowy altar of Dithmenos.
  9758 | D:9      | Found a bloodstained altar of Trog.
  9922 | D:9      | Reached skill level 11 in Armour
 11132 | D:9      | Reached skill level 10 in Axes
 11351 | D:9      | Noticed a two-headed ogre
 11384 | D:9      | Killed a two-headed ogre
 11758 | D:9      | Found an opulent altar of Gozag.
 11759 | D:9      | Found a sparkling altar of Nemelex Xobeh.
 11783 | D:10     | Entered Level 10 of the Dungeon
 11850 | D:7      | Bought a +0 buckler for 58 gold pieces
 12377 | D:10     | Noticed a two-headed ogre
 12399 | D:10     | Killed a two-headed ogre
 12399 | D:10     | Reached skill level 12 in Armour
 12426 | D:10     | Reached XP level 12. HP: 13/101 MP: 18/18
 12806 | D:10     | Noticed an unseen horror
 12822 | D:10     | Killed an unseen horror
 13434 | D:10     | Noticed a two-headed ogre
 13449 | D:10     | Killed a two-headed ogre
 13449 | D:10     | Reached skill level 1 in Shields
 14294 | D:11     | Noticed Gastronok
 14330 | D:11     | You fall through a shaft for 2 floors!
 14332 | D:13     | HP: 5/101 [manticore/volley of spikes (19)]
 14672 | D:13     | Found Cemel's Assorted Antiques.
 14747 | D:12     | Found a huge runed gate.
 14747 | D:12     | Found a huge runed gate.
 14747 | D:12     | Found a huge runed gate.
 14748 | D:12     | Noticed a death yak
 14757 | D:11     | Noticed a two-headed ogre
 14773 | D:11     | Killed a two-headed ogre
 14988 | D:11     | Noticed a two-headed ogre
 15005 | D:11     | Killed a two-headed ogre
 15294 | D:11     | Found a staircase to the Lair.
 15317 | D:11     | Reached skill level 10 in Invocations
 15609 | D:11     | Killed Gastronok
 15609 | D:11     | Reached skill level 13 in Armour
 16921 | D:11     | Reached XP level 13. HP: 108/108 MP: 20/20
 16962 | Lair:1   | Entered Level 1 of the Lair of Beasts
 17099 | Lair:1   | Reached ****** piety under Lugonu
 17378 | Lair:1   | Noticed a six-headed hydra
 17386 | Lair:1   | Banished a six-headed hydra
 17994 | Lair:1   | Reached skill level 14 in Armour
 18841 | Lair:2   | Found a staircase to the Snake Pit.
 18855 | Lair:2   | Upgraded the game from 0.20.1-1-g8b1a95d to 0.20.1-1-g8b1a95d66d
 20438 | Lair:3   | Found a blossoming altar of Fedhas.
 20906 | Lair:4   | Got a pair of faintly humming boots
 20917 | Lair:4   | Identified the +1 pair of boots of Fedhas's Esteem {Int+6 Dex+4} (You found it on level 4 of the Lair of Beasts)
 21131 | Lair:4   | Found a staircase to the Shoals.
 21855 | Lair:5   | Reached XP level 14. HP: 118/118 MP: 22/22
 22242 | Lair:5   | Found a staircase to the Slime Pits.
 22679 | Lair:5   | You fall through a shaft!
 22679 | Lair:6   | Entered Level 6 of the Lair of Beasts
 23088 | Lair:6   | Reached skill level 15 in Armour
 23221 | Lair:6   | Identified a scroll of acquirement
 23222 | Lair:6   | Got a pair of brightly glowing gloves
 23228 | Lair:6   | Identified the +3 pair of gloves of Life {MR+ rCorr Str+4} (You acquired it on level 6 of the Lair of Beasts)
 23281 | Lair:6   | Reached skill level 10 in Fighting
 24279 | Lair:6   | Found a runed door.
 25188 | Lair:6   | Reached XP level 15. HP: 69/128 MP: 24/24
 25417 | Lair:6   | Reached skill level 5 in Shields
 26579 | Lair:6   | Reached skill level 16 in Armour
 27697 | D:12     | Found a huge runed gate.
 27940 | D:12     | Found a staircase to the Orcish Mines.
 28649 | D:13     | Noticed Rupert
 28883 | D:12     | Killed Rupert
 29220 | D:13     | Reached XP level 16. HP: 137/137 MP: 17/26
 29239 | D:13     | Found a gate to the Vaults.
 30320 | D:14     | Lost mutation: Your mind is acute. (Int +2) [mutagenic meat]
 30321 | D:14     | Gained mutation: Your spells are a little harder to cast, but a little more powerful. [mutagenic meat]
 30322 | D:14     | Gained mutation: Your movements are slightly less encumbered by armour. (ER -2) [mutagenic meat]
 30890 | D:14     | Found an iron altar of Okawaru.
 31059 | D:15     | Entered Level 15 of the Dungeon
 31117 | D:15     | Noticed Josephine
 31214 | D:15     | Killed Josephine
 31447 | D:15     | Gained mutation: Armour fits poorly on your strangely shaped body. [mutagenic meat]
 31448 | D:15     | Lost mutation: You are robust. (+10% HP) [mutagenic meat]
 31449 | D:15     | Gained mutation: You are resistant to hostile enchantments. (MR+) [mutagenic meat]
 31450 | D:15     | Lost mutation: Your spells are a little harder to cast, but a little more powerful. [mutagenic meat]
 31603 | D:15     | Found a staircase to the Depths.
 31609 | Depths:1 | Entered Level 1 of the Depths
 31952 | D:15     | Gained mutation: You have very sharp teeth. [mutagenic meat]
 31953 | D:15     | Gained mutation: Potions are less effective at restoring your health. [mutagenic meat]
 31954 | D:15     | Gained mutation: You are partially covered in icy blue scales. (AC +2) [mutagenic meat]
 32008 | D:15     | Lost mutation: Armour fits poorly on your strangely shaped body. [potion of mutation]
 32008 | D:15     | Lost mutation: You are resistant to hostile enchantments. (MR+) [potion of mutation]
 32008 | D:15     | Lost mutation: You are covered in fur. (AC +1) [potion of mutation]
 32008 | D:15     | Gained mutation: Your movements are less encumbered by armour. (ER -4) [potion of mutation]
 32009 | D:15     | Lost mutation: Your movements are less encumbered by armour. (ER -4) [potion of mutation]
 32009 | D:15     | Lost mutation: Potions are less effective at restoring your health. [potion of mutation]
 32009 | D:15     | Lost mutation: Your movements are slightly less encumbered by armour. (ER -2) [potion of mutation]
 32009 | D:15     | Gained mutation: You are frail. (-10% HP) [potion of mutation]
 32009 | D:15     | Gained mutation: Your muscles are strong. (Str +2) [potion of mutation]
 32272 | D:15     | Gained mutation: You possess an exceptional clarity of mind. [mutagenic meat]
 32273 | D:15     | Gained mutation: You are very frail. (-20% HP) [mutagenic meat]
 32274 | D:15     | Lost mutation: You possess an exceptional clarity of mind. [mutagenic meat]
 32275 | D:15     | Gained mutation: You are dopey. (Int -2) [mutagenic meat]
 32276 | D:15     | Gained mutation: You have sharp fingernails. [mutagenic meat]
 32277 | D:15     | Gained mutation: Scrolls take you a little longer to read. [mutagenic meat]
 32520 | D:15     | Reached skill level 17 in Armour
 33000 | Orc:1    | Entered Level 1 of the Orcish Mines
 33376 | Orc:2    | Entered Level 2 of the Orcish Mines
 33441 | Orc:2    | Found a staircase to the Elven Halls.
 33621 | Orc:2    | Found Xoliuck's Magic Scroll Boutique.
 33651 | Orc:2    | Found an ancient bone altar of Kikubaaqudgha.
 33652 | Orc:2    | Noticed Nergalle
 33676 | Orc:2    | Killed Nergalle
 33678 | Orc:2    | Found Foeti's Book Shop.
 33963 | Orc:2    | Found a radiant altar of Vehumet.
 33970 | Orc:2    | Found a roughly hewn altar of Beogh.
 33970 | Orc:2    | Found Qimusauju's Antique Weapon Boutique.
 33971 | Orc:2    | Found Qeicer's Book Shop.
 34527 | Orc:2    | Found Wathrucs's Distillery.
 34535 | Orc:2    | Bought a potion of heal wounds for 50 gold pieces
 34535 | Orc:2    | Bought a potion of curing for 30 gold pieces
 34539 | Orc:2    | Found Pashrusu's Book Emporium.
 34589 | Orc:2    | Found Geurut's Distillery.
 34592 | Orc:2    | Bought a potion of heal wounds for 75 gold pieces
 34592 | Orc:2    | Bought a potion of experience for 750 gold pieces
 34592 | Orc:2    | Bought a potion of curing for 45 gold pieces
 34592 | Orc:2    | Bought a potion of curing for 45 gold pieces
 34741 | Orc:2    | Reached skill level 1 in Throwing
 34741 | Orc:2    | Reached skill level 1 in Evocations
 34741 | Orc:2    | Reached XP level 17. HP: 107/107 MP: 28/28
 34908 | Elf:1    | Entered Level 1 of the Elven Halls
 34923 | Elf:1    | Reached skill level 15 in Invocations
 35321 | Elf:1    | Reached XP level 18. HP: 112/112 MP: 29/29
 35545 | Elf:1    | Got a pair of steaming boots
 35556 | Elf:1    | Identified the cursed +0 pair of boots of Watchfulness {rElec rF+++ MR- Regen+} (You found it on level 1 of the Elven Halls)
 36181 | Elf:1    | Reached skill level 15 in Axes
 37019 | Elf:2    | Got a scorched double sword {freeze}
 37053 | Elf:2    | Identified the +9 double sword of Quick Death {freeze, Dex+3} (You took it off a deep elf mage on level 2 of the Elven Halls)
 37830 | Elf:2    | Reached skill level 18 in Armour
 38013 | D:13     | Bought an ichor-stained plate armour for 1008 gold pieces
 38023 | D:13     | Identified the +3 plate armour of Midwinter {rN+ Str+3 Dex-3 Stlth+} (You bought it in a shop on level 13 of the Dungeon)
 38381 | Elf:2    | Found a runed door.
 38408 | Elf:2    | Reached skill level 10 in Shields
 38410 | Elf:2    | Found a runed door.
 38463 | Elf:2    | Noticed a deep elf blademaster
 38492 | Elf:2    | Killed a deep elf blademaster
 38695 | Elf:2    | Reached XP level 19. HP: 116/120 MP: 30/30
 39385 | Elf:3    | Entered Level 3 of the Elven Halls
 39964 | Elf:3    | Cast into level 2 of the Abyss (a deep elf sorcerer)
 39988 | Abyss:2  | Identified Sif Muna's Almanac of Unholy Secrets and Arcane Weapons
 40188 | Abyss:2  | Found a viscous altar of Jiyva.
 40440 | Elf:3    | Escaped the Abyss
 40995 | Elf:3    | Reached skill level 19 in Armour
 41230 | Elf:3    | Found a portal to a secret trove of treasure.
 41546 | Elf:3    | Killed from afar by a deep elf annihilator

Skill      XL: |  1  2  3  4  5  6  7  8  9 10 11 12 13 14 15 16 17 18 19 |
---------------+----------------------------------------------------------+-----
Dodging        | 1 2 3 4 |  4.4
Axes           | 1 2 3 4 5 7 8 10 11 12 13 14 15 16 | 16.1
Armour         | 3 4 5 6 7 8 10 12 13 14 15 16 17 18 19 | 19.0
Invocations    | 3 4 5 6 7 8 10 11 12 14 15 16 | 16.4
Fighting       | 4 5 6 7 8 9 10 11 12 13 14 | 14.3
Shields        | 1 3 4 7 9 10 11 | 11.1
Throwing       | 1 |  1.3
Evocations     | 1 |  1.6
Long Blades    | |  2.4

Action                   |  1- 3 |  4- 6 |  7- 9 | 10-12 | 13-15 | 16-18 | 19-21 || total
-------------------------+-------+-------+-------+-------+-------+-------+-------++-------
Melee: Hand axe          |    81 |   171 |   421 |   865 |  1354 |  1241 |   564 ||  4697
       Bite              |       |       |       |       |       |   140 |    87 ||   227
Invok: Depart the Abyss  |     1 |       |       |       |       |       |     1 ||     2
       Banish            |       |       |     2 |     3 |    20 |     2 |     1 ||    28
       Bend Space        |       |       |       |       |     1 |     2 |       ||     3
 Abil: Shaft Self        |       |       |       |     1 |       |       |       ||     1
       Dig               |       |       |       |       |     1 |     2 |     1 ||     4
Evoke: Wand              |       |       |       |     4 |     2 |       |       ||     6
  Use: Scroll            |     5 |     1 |     9 |     4 |    17 |     8 |       ||    44
       Potion            |       |     3 |     7 |     6 |     2 |     7 |     3 ||    28
 Stab: Petrified         |       |       |       |       |     8 |       |       ||     8
       Petrifying        |       |       |       |       |     1 |       |       ||     1
       Distracted        |       |       |       |       |       |     1 |       ||     1
  Eat: Chunk             |       |     6 |    16 |    22 |    35 |    50 |    10 ||   139
       Bread ration      |       |       |       |     4 |     2 |     1 |       ||     7
Armor: Chain mail        |    61 |   127 |   285 |   289 |       |       |       ||   762
       Leather armour    |     2 |       |       |       |       |       |       ||     2
       Plate armour      |       |       |       |   157 |  1070 |   566 |   194 ||  1987
       Skin              |       |       |       |       |       |    17 |       ||    17
Dodge: Dodged            |    58 |    63 |   174 |   390 |   568 |   331 |    85 ||  1669
       Deflected         |       |       |       |    25 |    24 |    38 |    14 ||   101
Block: Buckler           |       |       |       |    46 |   363 |   228 |    26 ||   663
       Shield            |       |       |       |       |       |       |   106 ||   106
